 Dungeon Crawl Stone Soup version 0.23.0-3-gf3c87f2df8 (webtiles) character file.

Game seed: 8316940476838936171

11631 Ivernyr the Transmogrifier (level 11, -1/48 HPs)
             Began as a Vine Stalker Transmuter on Feb 22, 2019.
             Slain by a komodo dragon (16 damage)
             ... on level 2 of the Lair of Beasts.
             The game lasted 01:04:40 (11280 turns).

Ivernyr the Transmogrifier (VSTm)                  Turns: 11280, Time: 01:04:41

Health: -1/48      AC: 12    Str: 13    XL:     11   Next: 80%
Magic:  0/24       EV: 14    Int: 24    God:
Gold:   862        SH:  0    Dex: 15    Spells: 16/27 levels left

rFire    . . .     SeeInvis .     - Unarmed
rCold    . . .     Gourm    .   (no shield)
rNeg     . . .     Faith    .   L - +1 ring mail of Dithmenos's Favour {Int+4}
rPois    .         Spirit   +   y - +1 helmet
rElec    .         Reflect  .   J - +0 cloak
rCorr    .         Harm     .   (no gloves)
MR       +....                  (boots currently unavailable)
Stlth    +.........             e - amulet of rage
HPRegen  0.56/turn              l - +4 ring of intelligence
MPRegen  0.19/turn              m - +3 ring of protection

@: appendage
A: fangs 3, talons 3, regeneration 1, magic shield, antimagic bite, no potion
heal 3, rot immunity
a: End Transformation, Evoke Berserk Rage


You were on level 2 of the Lair of Beasts.
You were hungry.
You had grown temporary talons.
You visited 2 branches of the dungeon, and saw 12 of its levels.

You collected 862 gold pieces.

Inventory:

Missiles
 a - 161 arrows
Armour
 y - a +1 helmet (worn)
 J - a +0 cloak (worn)
 L - the +1 ring mail of Dithmenos's Favour (worn) {Int+4}
   (You found it on level 9 of the Dungeon)

   It affects your intelligence (+4).
Jewellery
 e - an amulet of rage (around neck)
 l - a +4 ring of intelligence (left hand)
 m - a +3 ring of protection (right hand)
 A - an uncursed ring of protection from magic
Wands
 r - a wand of flame (59)
 H - a wand of random effects (47)
 I - a wand of polymorph (5)
 N - a wand of digging (4)
Scrolls
 c - a scroll of blinking {unknown}
 g - 3 scrolls of magic mapping
 i - 8 scrolls of teleportation
 j - 6 scrolls of enchant weapon {unknown}
 k - 13 scrolls of identify
 n - 4 scrolls of immolation {unknown}
 o - 2 scrolls of random uselessness {unknown}
 p - a scroll of noise {unknown}
 t - 3 scrolls of amnesia {unknown}
 u - 2 scrolls of fear {unknown}
 x - 6 scrolls of remove curse {unknown}
 z - 2 scrolls of fog {unknown}
 B - a scroll of enchant armour {unknown}
 K - a scroll of vulnerability {unknown}
 O - a scroll of silence {unknown}
Potions
 b - 2 potions of might {unknown}
 f - 2 potions of cancellation
 h - 2 potions of mutation {unknown}
 q - 2 potions of agility {unknown}
 s - 2 potions of brilliance {unknown}
 v - a potion of resistance {unknown}
 w - 2 potions of haste {unknown}
 C - 3 potions of heal wounds {unknown}
 D - 2 potions of lignification {unknown}
 E - 2 potions of magic {unknown}
 F - 3 potions of flight {unknown}
 G - 4 potions of curing
 M - a potion of invisibility {unknown}
Comestibles
 d - 23 rations
 P - 9 chunks of flesh


   Skills:
 - Level 0.8 Fighting
 + Level 7.1 Dodging
 + Level 8.9 Unarmed Combat
 + Level 8.7 Spellcasting
 * Level 11.7 Transmutations


You had 16 spell levels left.
You knew the following spells:

 Your Spells              Type           Power        Failure   Level  Hunger
a - Beastly Appendage     Tmut           ######       1%          1    None
b - Sticks to Snakes      Tmut           ######..     1%          2    None
c - Spider Form           Tmut/Pois      #####.....   3%          3    None
d - Blade Hands           Tmut           ######....   3%          5    ####...

Your spell library contained the following spells:

 Spells                   Type           Power        Failure   Level  Hunger
 Ice Form                 Ice/Tmut       #####...     12%         4    ##.....


Dungeon Overview and Level Annotations

Branches:
Dungeon (10/15)            Temple (0/1) D:7            Lair (2/6) D:9
  Swamp: Lair:2-4    Shoals: Lair:2-4     Snake: Lair:2-4    Spider: Lair:2-4
    Orc: D:9-12

Altars:
Ashenzari
Cheibriados
Dithmenos
Elyvilon
Fedhas
Gozag
Kikubaaqudgha
Qazlal
Ru
Sif Muna
Trog
Yredelemnul
The Shining One

Shops:
D:5 *   D:7 }

Portals:
Trove: D:10 (give 7 scrolls of blinking)


Innate Abilities, Weirdness & Mutations

You have razor-sharp teeth.
Your natural rate of healing is unusually fast.
When hurt, damage is shared between your health and your magic reserves.
Your bite disrupts and absorbs the magic of your enemies.
Potions cannot restore your health.
You are immune to rotting.
You have claws for feet.


Message History

The eight-headed hydra bites you but does no damage.
The eight-headed hydra bites you.
You are feeling hungry.
You barely miss the eight-headed hydra.
Your kick misses the eight-headed hydra.
The eight-headed hydra is heavily wounded.
The eight-headed hydra bites you!
The eight-headed hydra bites you but does no damage.
The eight-headed hydra barely misses you.
The eight-headed hydra bites you!
* * * LOW HITPOINT WARNING * * *
The eight-headed hydra bites you but does no damage. x2
The eight-headed hydra bites you.
* * * LOW HITPOINT WARNING * * *
The eight-headed hydra bites you.
* * * LOW HITPOINT WARNING * * *
You hear the loud crackling of a very distant melting archway.
A komodo dragon comes into view.
The komodo dragon bites you!!
You die...

.... ##.................. ..
#....(###.....###P ##....#
###...# ...# #....## ##..#
..... ##..... #...## ...#
#.....# #....### #..# ##....#
#...#..###. # #..#
#.....#####.......... # ##..#
#.....@#.###......... #
#...#####...l...............
##...#..#..(................
###...........................
##..P..........................
....P..........................
#.###.##.####.P###.PP##P#.#####
### ###.## #### ##### #### ##


You could see a komodo dragon.

Vanquished Creatures
  An elephant (Lair:2)
  A black mamba (Lair:1)
  A rime drake (Lair:2)
  2 komodo dragons (Lair:1)
  A queen bee (Lair:2)
  A hornet (D:10)
  2 blink frogs (Lair:2)
  Grinder (D:3)
  5 hippogriffs
  A wyvern (Lair:2)
  5 yaks
  Eustachio (D:6)
  A basilisk (Lair:2)
  Menkaure (D:6)
  5 water moccasins
  Duvessa (D:6)
  2 porcupines
  2 phantoms
  A necrophage (D:10)
  3 sky beasts
  2 orc warriors
  4 centaurs
  A wolf (Lair:2)
  7 crocodiles
  3 big kobolds
  5 bullfrogs
  2 scorpions
  Dowan (D:6)
  2 wyvern skeletons
  8 jellies
  23 killer bees
  4 wights (D:6)
  5 howler monkeys
  A crimson imp (D:9)
  A bullfrog zombie (D:5)
  3 centaur zombies
  3 hounds
  Crazy Yiuf (D:6)
  4 iguanas
  7 orc priests
  A bullfrog skeleton (D:3)
  2 centaur skeletons
  6 orc wizards
  Ijyb (D:5)
  7 worker ants
  2 hound zombies
  A hound skeleton (D:7)
  A howler monkey zombie (D:5)
  2 worker ant zombies
  Robin (D:3)
  6 gnolls
  10 adders
  A river rat (Lair:2)
  A shadow imp (D:6)
  6 oozes
  2 adder zombies (D:7)
  3 adder skeletons
  3 worms
  4 dart slugs
  5 leopard geckos
  36 orcs
  7 giant cockroaches
  18 goblins
  10 hobgoblins
  11 jackals
  5 quokkas
  12 bats
  3 frilled lizards
  A jackal skeleton (D:7)
  A jackal zombie (D:7)
  17 kobolds
  2 quokka zombies (D:6)
  6 rats
319 creatures vanquished.

Vanquished Creatures (collateral kills)
  A two-headed ogre (D:8)
  An elephant (D:8)
  6 killer bees
8 creatures vanquished.

Vanquished Creatures (others)
  6 fungi (Lair:2)
  A plant (Lair:2)
7 creatures vanquished.

Grand Total: 334 creatures vanquished

Notes
Turn   | Place    | Note
-------+----------+-------------------------------------------
     0 | D:1      | Ivernyr the Vine Stalker Transmuter began the quest for the
                  | Orb.
     0 | D:1      | Reached XP level 1. HP: 9/9 MP: 4/4
     0 | D:1      | Noticed a formicid
     2 | D:1      | Noticed an ogre
     2 | D:1      | Noticed a gargoyle
     4 | D:1      | Noticed a formicid
     5 | D:1      | Noticed an octopode
     6 | D:1      | Noticed an octopode
     7 | D:1      | Noticed a vine stalker
     8 | D:1      | Noticed a human
    10 | D:1      | Noticed a naga
    10 | D:1      | Noticed an octopode
    14 | D:1      | Noticed a human
    14 | D:1      | Noticed a vampire
    16 | D:1      | Noticed a spriggan
    16 | D:1      | Noticed an octopode
    16 | D:1      | Noticed a naga
    18 | D:1      | Noticed an octopode
    20 | D:1      | Noticed a minotaur
   218 | D:1      | Reached XP level 2. HP: 13/14 MP: 6/6
   222 | D:1      | Learned a level 2 spell: Sticks to Snakes
   535 | D:1      | Reached XP level 3. HP: 14/17 MP: 7/7
   540 | D:1      | Learned a level 3 spell: Spider Form
  1374 | D:2      | Reached skill level 3 in Transmutations
  1378 | D:2      | Gained mutation: Your natural rate of healing is unusually
                  | fast. [Vine Stalker growth]
  1378 | D:2      | Reached XP level 4. HP: 10/21 MP: 5/9
  1429 | D:2      | Found a white marble altar of Elyvilon.
  1873 | D:3      | Noticed Grinder
  2001 | D:3      | Reached XP level 5. HP: 25/25 MP: 7/10
  2101 | D:3      | Paralysed by Grinder for 5 turns
  2116 | D:3      | Killed Grinder
  2116 | D:3      | Reached skill level 4 in Transmutations
  2116 | D:3      | Reached XP level 6. HP: 26/29 MP: 8/12
  2200 | D:3      | Found a stormy altar of Qazlal.
  2218 | D:3      | Found an opulent altar of Gozag.
  2225 | D:3      | Found a shadowy altar of Dithmenos.
  2435 | D:3      | Reached XP level 7. HP: 17/32 MP: 2/13
  2671 | D:3      | Noticed Robin
  2681 | D:3      | Killed Robin
  2687 | D:3      | Reached skill level 5 in Transmutations
  2760 | D:3      | Found a blossoming altar of Fedhas.
  3276 | D:4      | Found a basalt altar of Yredelemnul.
  3279 | D:4      | Found a sacrificial altar of Ru.
  3891 | D:5      | Entered Level 5 of the Dungeon
  3894 | D:5      | Found a deep blue altar of Sif Muna.
  3964 | D:5      | Gained mutation: You have razor-sharp teeth. [Vine Stalker
                  | growth]
  3964 | D:5      | Reached XP level 8. HP: 21/37 MP: 6/15
  4077 | D:5      | Reached skill level 6 in Transmutations
  4097 | D:5      | Reached skill level 5 in Unarmed Combat
  4390 | D:5      | Found a glowing golden altar of the Shining One.
  4514 | D:5      | Reached skill level 5 in Spellcasting
  4572 | D:5      | Found Iniseh's Assorted Antiques.
  4807 | D:5      | Noticed Ijyb
  4822 | D:5      | Killed Ijyb
  5084 | D:6      | Reached skill level 7 in Transmutations
  5117 | D:6      | Found a bloodstained altar of Trog.
  5204 | D:6      | Reached XP level 9. HP: 39/40 MP: 9/18
  5434 | D:6      | Learned a level 5 spell: Blade Hands
  5437 | D:6      | Noticed Menkaure
  5446 | D:6      | Killed Menkaure
  5504 | D:6      | Noticed Eustachio
  5520 | D:6      | Killed Eustachio
  5534 | D:6      | Noticed Duvessa
  5534 | D:6      | Noticed Dowan
  5552 | D:6      | Killed Duvessa
  5556 | D:6      | Killed Dowan
  5556 | D:6      | Reached skill level 8 in Transmutations
  6139 | D:6      | Found a runed translucent door.
  6140 | D:6      | Noticed Crazy Yiuf
  6358 | D:6      | Killed Crazy Yiuf
  6486 | D:7      | Found a staircase to the Ecumenical Temple.
  6605 | D:7      | Reached skill level 5 in Dodging
  6824 | D:7      | Found Bouhy's Gadget Shoppe.
  7177 | D:7      | Found a shattered altar of Ashenzari.
  7355 | D:7      | Reached skill level 9 in Transmutations
  7355 | D:7      | Reached XP level 10. HP: 44/44 MP: 12/20
  7416 | D:7      | Found an ancient bone altar of Kikubaaqudgha.
  7481 | D:7      | Found a snail-covered altar of Cheibriados.
  8299 | D:9      | Got a smoking ring mail
  8310 | D:9      | Identified the +1 ring mail of Dithmenos's Favour {Int+4}
                  | (You found it on level 9 of the Dungeon)
  8452 | D:9      | Noticed a two-headed ogre
  8639 | D:9      | Found a staircase to the Lair.
  8639 | D:9      | Noticed an elephant
  8710 | D:8      | Killed a two-headed ogre
  8883 | D:8      | Killed an elephant
  9096 | D:9      | Reached skill level 10 in Transmutations
  9279 | D:10     | Entered Level 10 of the Dungeon
  9601 | D:10     | Reached XP level 11. HP: 48/48 MP: 23/23
  9699 | D:10     | Found a portal to a secret trove of treasure.
  9935 | Lair:1   | Entered Level 1 of the Lair of Beasts
 10598 | Lair:2   | Reached skill level 11 in Transmutations
 11222 | Lair:2   | Noticed an eight-headed hydra
 11255 | Lair:2   | HP: 1/48 [eight-headed hydra (5)]
 11280 | Lair:2   | Slain by a komodo dragon

Skill      XL: |  1  2  3  4  5  6  7  8  9 10 11 |
---------------+----------------------------------+-----
Dodging        | 2 3 4 5 6 7 |  7.1
Transmutations | 3 4 5 7 9 10 11 | 11.7
Spellcasting   | 3 4 5 6 7 8 |  8.7
Unarmed Combat | 4 5 6 7 8 |  8.9
Fighting       | |  0.8

Action                   |  1- 3 |  4- 6 |  7- 9 | 10-12 || total
-------------------------+-------+-------+-------+-------++-------
Melee: Unarmed           |    96 |   168 |   523 |   416 ||  1203
       Bite              |    19 |    35 |    86 |    93 ||   233
       Punch             |     1 |       |     7 |     9 ||    17
       Kick              |     4 |     6 |    59 |    22 ||    91
       Headbutt          |       |     3 |       |       ||     3
 Cast: Beastly Appendage |     2 |     3 |    16 |     8 ||    29
       Spider Form       |     1 |     5 |    17 |     3 ||    26
       Sticks to Snakes  |       |       |     6 |    28 ||    34
       Blade Hands       |       |       |     4 |    26 ||    30
Evoke: Wand              |       |       |       |     2 ||     2
  Use: Potion            |       |       |       |     2 ||     2
       Scroll            |       |       |       |     2 ||     2
 Stab: Sleeping          |     2 |     1 |     2 |       ||     5
       Distracted        |       |       |     1 |       ||     1
  Eat: Chunk             |     2 |     3 |    16 |    15 ||    36
       Ration            |       |       |     1 |     1 ||     2
Armor: Robe              |    16 |    19 |    75 |     7 ||   117
       Skin              |       |     1 |    21 |     4 ||    26
       Ring mail         |       |       |       |   162 ||   162
Dodge: Dodged            |    56 |   132 |   352 |   322 ||   862
